[Event "Team 45 45 League T59"]
[Site "Internet Chess Club"]
[Date "2013.12.14"]
[Round "4"]
[White "fishhead"]
[Black "hewdondada"]
[Result "1-0"]
[WhiteElo "1867"]
[BlackElo "1689"]
[Opening "Scandinavian (center counter) defense"]
[ECO "B01"]
[Time "10:01:37"]
[TimeControl "2700+45"]

1. e4 d5 2. exd5 Qxd5 3. Nc3 Qa5 4. d4 Nf6 5. Bc4 Bg4 6. f3 Bf5 7. Bf4 c6 8. Qd2
e6 9. Nge2 Qb4 10. Bb3 Bd6 11. O-O-O Nbd7 12. g4 Bg6 13. a3 Bxf4 14. Nxf4 Qd6
15. h4 h6 16. Rhe1 Nd5 17. Bxd5 cxd5 18. Ncxd5 Bh7 19. Nxe6 fxe6 20. Rxe6+ Qxe6
21. Nc7+ Kf7 22. Nxe6 Kxe6 23. Re1+ Kf7 24. Qf4+ Nf6 25. Qc7+ Kf8 26. Re7 Ne8
27. Rf7+ Kg8 28. Qe7 Bg6 29. Rf8+ Kh7 30. h5 Rxf8 31. hxg6+ Kg8 32. g5 hxg5 33.
Qe6+ Rf7 34. Qxf7+ Kh8 35. Qf8# {Black checkmated} 1-0

[Event "Team 45 45 League T59"]
[Site "Internet Chess Club"]
[Date "2013.12.14"]
[Round "4"]
[White "Lumumba"]
[Black "justice02"]
[Result "1/2-1/2"]
[WhiteElo "1607"]
[BlackElo "1805"]
[Opening "Dutch, 2.Bg5 variation"]
[ECO "A80"]
[Time "12:30:13"]
[TimeControl "2700+45"]

1. d4 f5 2. Bg5 Nf6 3. Bxf6 exf6 4. e3 d5 5. Bd3 Bd6 6. Qf3 g6 7. Ne2 c6 8. Nd2
Be6 9. Nf4 Bf7 10. Ne2 Qa5 11. c3 Qb6 12. Rb1 Nd7 13. O-O Qc7 14. g3 h5 15. h4
O-O-O 16. b4 Kb8 17. a4 Rhe8 18. b5 c5 19. a5 c4 20. b6 axb6 21. axb6 Nxb6 22.
Bc2 Re7 23. Rb2 Qc6 24. Rfb1 Bc7 25. Rb5 Be8 26. Ra5 Qd6 27. Rba1 Bc6 28. Qf4
Qxf4 29. Nxf4 Bxf4 30. gxf4 Kc7 31. Kf1 Ree8 32. Ke2 Ra8 33. f3 Rxa5 34. Rxa5
Kd6 35. Nb1 Ra8 36. Rxa8 Nxa8 37. Na3 b5 38. Bb1 Nc7 39. Nc2 Na6 40. Kd2 Kc7 41.
Nb4 Nxb4 42. cxb4 Kd7 43. Kc3 Ke7 44. Bc2 Kf7 45. Bb1 Kg7 46. Bc2 Kf7 {Game
drawn by mutual agreement} 1/2-1/2

[Event "Team 45 45 League T59"]
[Site "Internet Chess Club"]
[Date "2013.12.15"]
[Round "4"]
[White "bondguy01"]
[Black "lacibacsi"]
[Result "0-1"]
[WhiteElo "1737"]
[BlackElo "1985"]
[Opening "King's Indian: Makagonov system (5.h3)"]
[ECO "E71"]
[Time "16:01:04"]
[TimeControl "2700+45"]

1. d4 Nf6 2. c4 g6 3. Nc3 Bg7 4. e4 d6 5. h3 O-O 6. Bg5 Na6 7. Nf3 e5 8. d5 Qe8
9. Be2 Nh5 10. g3 f6 11. Be3 f5 12. exf5 gxf5 13. Nh4 Nf6 14. Qd2 f4 15. gxf4
exf4 16. Bd4 Ne4 17. Nxe4 Qxe4 18. O-O-O f3 19. Rhg1 Rf7 20. Nxf3 Bf5 21. Qd3
Re8 22. Qxe4 Bxe4 23. Bxg7 Bxf3 24. Bd4+ Kf8 25. Bxf3 Rxf3 26. Rg7 Re7 27. Rxe7
Kxe7 28. a3 Rxh3 29. Rg1 Rh4 30. Bc3 h5 31. b3 Rf4 32. Rg7+ Rf7 33. Kd2 Rxg7 34.
Bxg7 Nc5 35. b4 Nd7 36. Ke3 Nb6 37. Kd4 h4 38. Bh6 Kf6 39. Bf4 Nc8 40. c5 Kf5
41. Bh2 b6 42. f3 h3 43. a4 a5 44. bxa5 bxa5 45. Kc4 dxc5 46. Kb5 Nb6 47. Kxc5
Nxa4+ 48. Kb5 Nc3+ 49. Kxa5 Nxd5 50. Kb5 Nc3+ 51. Kc6 Nb1 52. Bxc7 Nd2 53. Kd5
Nxf3 54. Bd6 Kg4 55. Ke4 Nd2+ 56. Kd3 Nf1 57. Ke2 Ng3+ 58. Kf2 Ne4+ {White
resigns} 0-1

[Event "Team 45 45 League T59"]
[Site "Internet Chess Club"]
[Date "2013.12.15"]
[Round "4"]
[White "Tobiasdelmonte"]
[Black "vigneshv"]
[Result "1-0"]
[WhiteElo "1705"]
[BlackElo "1645"]
[Opening "French defense"]
[ECO "C01"]
[Time "13:00:17"]
[TimeControl "2700+45"]

1. e4 e6 2. d4 d5 3. g3 h6 4. Bg2 Nf6 5. e5 Nfd7 6. Nf3 c5 7. c3 Qb6 8. O-O Nc6
9. dxc5 Bxc5 10. Qe2 O-O 11. Nbd2 Qc7 12. Re1 b6 13. Nb3 Be7 14. Bf4 Nc5 15.
Rad1 Nxb3 16. axb3 Bb7 17. Qd2 Na5 18. Nd4 Ba6 19. g4 Nc6 20. Nxc6 Qxc6 21. c4
Qd7 22. cxd5 exd5 23. Qxd5 Qxg4 24. Bg3 Rad8 25. Bf3 Qb4 26. Qe4 Qxb3 27. Rc1
Qd3 28. Qxd3 Rxd3 29. Be2 Bb4 30. Bxd3 Bxd3 31. Red1 Be2 32. Rd7 a5 33. Kg2 Bb5
34. Rdc7 Bc5 35. Rd1 Ba4 36. Rd2 Bb4 37. Rd3 Bb5 38. Rd1 Ba4 39. Rdc1 Bc5 40.
Ra1 Bb5 41. b3 Rd8 42. h4 Rd3 43. Rc8+ Kh7 44. Rc7 Kg8 45. Rb1 Rd5 46. Rb2 Ba3
47. Ra2 Bc5 48. f4 Rd3 49. Rb2 Ba3 50. Rb1 Rd2+ 51. Kf3 Rd3+ 52. Kg2 Rd2+ 53.
Kh3 Bd7+ 54. Rxd7 Rxd7 55. Kg4 Rd3 56. h5 g6 57. hxg6 fxg6 58. Bf2 h5+ 59. Kg5
Kg7 60. f5 gxf5 61. Bxb6 Rd5 62. Kxf5 Rb5 63. Bd8 a4 64. Rg1+ Kf7 65. bxa4 Rb2
66. e6+ Kf8 67. Re1 Rf2+ 68. Kg6 h4 69. Bxh4 Rg2+ 70. Kf5 Be7 71. Re4 Bxh4 72.
Rxh4 Rf2+ 73. Ke5 Re2+ 74. Re4 Ra2 75. Kd6 Rd2+ 76. Kc7 Ke7 77. a5 Rc2+ 78. Kb6
Rb2+ 79. Ka7 Rb1 80. Re5 Rb4 81. Ka6 Rd4 82. Kb6 Rb4+ 83. Kc6 Rc4+ 84. Kb5 Rc8
85. a6 Rb8+ 86. Kc6 Rc8+ 87. Kb7 Rc3 88. a7 Rb3+ 89. Ka6 Ra3+ 90. Ra5 Re3 91.
a8=Q Rxe6+ 92. Kb5 Re5+ 93. Kc4 Re4+ 94. Qxe4+ Kd6 95. Qd5+ Kc7 96. Ra7+ Kb6 97.
Rb7+ Ka6 98. Qb5# {Black checkmated} 1-0

[Event "Team 45 45 League T59"]
[Site "Internet Chess Club"]
[Date "2013.12.12"]
[Round "4"]
[White "draft"]
[Black "FourKnights"]
[Result "1/2-1/2"]
[WhiteElo "1510"]
[BlackElo "1802"]
[Opening "Nimzo-Indian: 4.e3, main line with 8...dc and 9...cd"]
[ECO "E57"]
[Time "17:01:51"]
[TimeControl "2700+45"]

1. d4 Nf6 2. c4 e6 3. Nf3 d5 4. Nc3 Bb4 5. e3 O-O 6. Bd3 dxc4 7. Bxc4 c5 8. O-O
Nc6 9. a3 cxd4 10. Nxd4 Nxd4 11. Qxd4 Qxd4 12. exd4 Be7 13. Bf4 Bd7 14. Rac1
Rac8 15. Be2 Bc6 16. f3 Nd5 17. Nxd5 Bxd5 18. Rxc8 Rxc8 19. Rc1 Rxc1+ 20. Bxc1
Bf6 21. Be3 Kf8 22. Kf1 Ke7 23. Ke1 Bc6 24. Kd2 Kd6 25. Bd3 a6 26. b4 g6 27. Bc4
Bd5 28. Bxd5 Kxd5 29. Kd3 b5 30. h3 Be7 {Game drawn by mutual agreement} 1/2-1/2

[Event "Team 45 45 League T59"]
[Site "Internet Chess Club"]
[Date "2013.12.12"]
[Round "4"]
[White "amicusUK"]
[Black "laotse"]
[Result "1/2-1/2"]
[WhiteElo "1644"]
[BlackElo "1595"]
[Opening "Old Benoni defense"]
[ECO "A43"]
[Time "08:00:07"]
[TimeControl "2700+45"]

1. d4 c5 2. c3 cxd4 3. cxd4 d5 4. Nf3 Nc6 5. Bf4 Nf6 6. e3 Nh5 7. Bg3 Bg4 8. Be2
e6 9. Bh4 Be7 10. Bxe7 Qxe7 11. O-O Nf6 12. Nc3 O-O 13. h3 Bh5 14. Rc1 a6 15.
Na4 Qb4 16. a3 Qe7 17. Nc5 Bxf3 18. Bxf3 Nd8 19. Be2 Nd7 20. Nb3 Nc6 21. Qd2
Rac8 22. Rc3 f5 23. f4 Kh8 24. Rfc1 Qd6 25. Qc2 Ne7 26. Qd2 h6 {Game drawn by
mutual agreement} 1/2-1/2

[Event "Team 45 45 League T59"]
[Site "Internet Chess Club"]
[Date "2013.12.13"]
[Round "4"]
[White "SirIvanhoe"]
[Black "PaulaR"]
[Result "1/2-1/2"]
[WhiteElo "1545"]
[BlackElo "1761"]
[Opening "French: King's Indian attack"]
[ECO "C00"]
[Time "13:01:29"]
[TimeControl "2700+45"]

1. e4 e6 2. d3 d5 3. Nd2 Nf6 4. Ngf3 c5 5. g3 Nc6 6. Bg2 Be7 7. O-O O-O 8. e5
Nd7 9. Re1 Qc7 10. Qe2 b6 11. c3 Ba6 12. Qe3 Rac8 13. a3 h6 14. Nf1 d4 15. Qe2
Rcd8 16. Bd2 Ndb8 17. c4 Bb7 18. h4 Nd7 19. N1h2 a6 20. a4 a5 21. h5 Nb4 22.
Bxb4 axb4 23. b3 g6 24. Nh4 Bxh4 25. gxh4 Bxg2 26. Kxg2 Kh8 27. Ng4 Kh7 28. Qe4
Kg7 29. Qf4 Rh8 30. Nf6 gxh5 31. Nxh5+ Kf8 32. Nf6 Ke7 33. Kh2 Qb7 34. Nxd7 Rhg8
35. Qf6+ Kxd7 36. Qxf7+ Kc8 37. Qxb7+ Kxb7 38. Rg1 Rgf8 39. Raf1 Rf4 40. Rg3
Rdf8 41. f3 R8f5 42. Kh3 Rxe5 43. Rg4 Rf6 44. Re4 Rxe4 45. dxe4 d3 46. Kg3 e5
47. Rd1 Rd6 48. Kf2 {Game drawn by mutual agreement} 1/2-1/2

[Event "Team 45 45 League T59"]
[Site "Internet Chess Club"]
[Date "2013.12.18"]
[Round "4"]
[White "arnx813"]
[Black "Gilguli"]
[Result "1-0"]
[WhiteElo "1378"]
[BlackElo "1394"]
[Opening "Sicilian"]
[ECO "B50"]
[Time "16:01:16"]
[TimeControl "2700+45"]

1. e4 c5 2. Nf3 d6 3. Bc4 Nc6 4. O-O a6 5. a4 g6 6. Nc3 Bg7 7. Ng5 Nh6 8. d3 O-O
9. Be3 Kh8 10. Qd2 e6 11. Nxe6 Bxe6 12. Bxh6 Bxc4 13. dxc4 Nd4 14. Bxg7+ Kxg7
15. Nd5 Qh4 16. Rae1 Qg4 17. f3 Qh5 18. Nb6 Rad8 19. Nd5 Qh6 20. Qd3 Rfe8 21. c3
Nc6 22. f4 a5 23. Qd1 Nb8 24. Re3 Nd7 25. Rh3 {Black resigns} 1-0

[Event "Team 45 45 League T59"]
[Site "Internet Chess Club"]
[Date "2013.12.15"]
[Round "4"]
[White "dabodhi"]
[Black "Jjohnston92A"]
[Result "1-0"]
[WhiteElo "1428"]
[BlackElo "1376"]
[Opening "Scandinavian (center counter) defense"]
[ECO "B01"]
[Time "12:00:33"]
[TimeControl "2700+45"]

1. e4 d5 2. exd5 Qxd5 3. d4 e5 4. Be3 exd4 5. Nc3 Bb4 6. Qxd4 Qxd4 7. Bxd4 Nc6
8. Bxg7 Bf5 9. Bxh8 O-O-O 10. Rd1 Re8+ 11. Be2 f6 12. Nf3 Bxc2 13. Rd2 Bg6 14.
O-O a5 15. Nd4 Nxd4 16. Bg4+ Ne6 17. Re1 f5 18. Bf3 Nh6 19. Bf6 Bf7 20. Rde2 c6
21. a3 Bc5 22. Na4 Ba7 23. h3 b5 24. Nc3 Ng8 25. Bg5 h6 26. Be3 Bb8 27. Bxc6 Rf8
28. Nxb5 Ne7 29. Bf3 Rg8 30. Rd2 f4 31. Rc1+ Nc7 {Black resigns} 1-0

[Event "Team 45 45 League T59"]
[Site "Internet Chess Club"]
[Date "2013.12.12"]
[Round "4"]
[White "Fulmar"]
[Black "semperfi"]
[Result "0-1"]
[WhiteElo "1134"]
[BlackElo "1386"]
[Opening "Queen's pawn game"]
[ECO "A45"]
[Time "18:01:51"]
[TimeControl "2700+45"]

1. d4 Nf6 2. Nc3 e6 3. Bg5 d5 4. Nf3 Nbd7 5. Qd3 c6 6. e4 dxe4 7. Nxe4 Be7 8. h4
Nxe4 9. Bxe7 Qxe7 10. Qxe4 Nf6 11. Qf4 Bd7 12. Ne5 Qb4+ 13. c3 Qxb2 14. Qc1
Qxc1+ 15. Rxc1 Rc8 16. Nxd7 Kxd7 17. a4 a5 18. c4 Ke7 19. c5 Rhd8 20. Rc4 Rd5
21. Rh3 Rcd8 22. Rd3 Ne4 23. g4 h5 24. gxh5 Rxh5 25. f3 Ng3 26. Kf2 Nxf1 27.
Kxf1 Rxh4 28. Kf2 Rdh8 29. Rb3 Rb8 30. Kg3 Rh5 31. Rb6 Rg5+ 32. Kh2 Rh8# {White
checkmated} 0-1

[Event "Team 45 45 League T59"]
[Site "Internet Chess Club"]
[Date "2013.12.13"]
[Round "4"]
[White "Berke"]
[Black "ethan0627"]
[Result "0-1"]
[WhiteElo "1457"]
[BlackElo "1357"]
[Opening "Queen's pawn game"]
[ECO "D02"]
[Time "16:01:00"]
[TimeControl "2700+45"]

1. d4 d5 2. Nf3 e6 3. Bf4 Nf6 4. e3 c5 5. c3 Nc6 6. Bd3 Be7 7. Nbd2 O-O 8. O-O
b6 9. Ne5 Bb7 10. h3 Bd6 11. Ndf3 Qc7 12. Bh2 Rfe8 13. Rc1 Rad8 14. Bb1 Ba8 15.
Qd3 Ne4 16. Qe2 Bb7 17. Ng4 Bxh2+ 18. Ngxh2 Nf6 19. dxc5 bxc5 20. Qc2 Ne5 21.
Nxe5 Qxe5 22. Ng4 Qh5 23. f3 Nxg4 24. fxg4 Qh6 25. Qf2 f6 26. Qe2 Rb8 27. b3 Bc6
28. Bd3 Red8 29. c4 Qg5 30. cxd5 Qxd5 31. Bc4 Qd6 32. Rfd1 Bd5 33. e4 Bxc4 34.
Qxc4 Qc6 35. Rxd8+ Rxd8 36. Qxc5 {White resigns} 0-1

[Event "Team 45 45 League T59"]
[Site "Internet Chess Club"]
[Date "2013.12.14"]
[Round "4"]
[White "moodle"]
[Black "QuimCatala"]
[Result "1-0"]
[WhiteElo "1449"]
[BlackElo "1437"]
[Opening "Sicilian: Alapin's variation (2.c3)"]
[ECO "B22"]
[Time "12:30:32"]
[TimeControl "2700+45"]

1. e4 c5 2. c3 Nc6 3. d4 cxd4 4. cxd4 e6 5. Nc3 Bb4 6. Nf3 Qc7 7. Bd2 a6 8. Bd3
b5 9. a3 Ba5 10. O-O Bb7 11. Re1 Bb6 12. d5 Ne5 13. Nxe5 Qxe5 14. Rc1 Qd4 15.
Be3 Qe5 16. Bxb6 Nf6 17. Qf3 O-O 18. Qg3 exd5 19. Qxe5 Rae8 20. Qf4 dxe4 21.
Bxe4 Bxe4 22. Nxe4 Nd5 23. Qd6 Nxb6 24. Qxb6 f5 25. Nd6 Ra8 26. Rc2 g5 27. Rec1
g4 28. Rc8 f4 29. Rxf8+ Rxf8 30. Rc8 g3 31. Rxf8+ Kxf8 32. hxg3 fxg3 33. fxg3
{Black resigns} 1-0

[Event "Team 45 45 League T59"]
[Site "Internet Chess Club"]
[Date "2013.12.16"]
[Round "4"]
[White "tamky70"]
[Black "Ellison"]
[Result "1-0"]
[WhiteElo "1377"]
[BlackElo "1259"]
[Opening "KGD: classical variation"]
[ECO "C30"]
[Time "18:30:24"]
[TimeControl "2700+45"]

1. e4 e5 2. f4 Bc5 3. Nf3 d6 4. Bc4 Nf6 5. Nc3 Nc6 6. d3 Bg4 7. Bd2 Nd4 8. h3
Bxf3 9. gxf3 Nxf3+ 10. Qxf3 c6 11. Na4 b5 12. Nxc5 dxc5 13. Bb3 c4 14. dxc4 bxc4
15. Bxc4 O-O 16. O-O-O Qb8 17. f5 Qb6 18. Bc3 Rfb8 19. Bxe5 a5 20. Bxf6 a4 21.
Bc3 a3 22. b3 c5 23. Qh5 h6 24. Qxf7+ Kh8 25. Qxg7# {Black checkmated} 1-0

[Event "Team 45 45 League T59"]
[Site "Internet Chess Club"]
[Date "2013.12.14"]
[Round "4"]
[White "mongmong"]
[Black "Bible-Believer"]
[Result "1-0"]
[WhiteElo "1701"]
[BlackElo "1654"]
[Opening "Queen's pawn game"]
[ECO "D04"]
[Time "20:04:39"]
[TimeControl "2700+45"]

1. d4 Nf6 2. Nf3 d5 3. e3 c5 4. c3 Nc6 5. Bd3 Bg4 6. Nbd2 e6 7. Qe2 Bd6 8. dxc5
Bxc5 9. O-O O-O 10. e4 Qc7 11. h3 Bh5 12. e5 Nd7 13. g4 Bg6 14. Bxg6 hxg6 15.
Re1 d4 16. Nxd4 Nxd4 17. cxd4 Bxd4 18. Nf3 Bc5 19. Bg5 Bb4 20. Rec1 Qa5 21. a3
Nxe5 22. axb4 Nxf3+ 23. Qxf3 Qxg5 24. Rc7 b6 25. Raxa7 Rxa7 26. Rxa7 Qc1+ 27.
Kg2 Qxb2 28. Qf4 Qf6 29. Qxf6 gxf6 30. Rb7 Ra8 31. Rxb6 Ra3 32. Rb8+ Kg7 33. b5
Rb3 34. b6 f5 35. b7 e5 36. g5 e4 37. Kf1 Rb2 38. Ke1 f4 39. Re8 Rxb7 40. Rxe4
Rb3 41. h4 f3 42. Kd2 Rb2+ 43. Ke3 Re2+ 44. Kxf3 Rxe4 45. Kxe4 f5+ 46. Ke5 Kf7
47. f3 Ke7 48. f4 Kf7 49. Kd6 Kf8 50. Ke6 Kg7 51. Ke7 Kg8 52. Kf6 Kh7 53. Kf7
{Black resigns} 1-0

[Event "Team 45 45 League T59"]
[Site "Internet Chess Club"]
[Date "2013.12.15"]
[Round "4"]
[White "BotanicalKnight"]
[Black "pcvan"]
[Result "1/2-1/2"]
[WhiteElo "1531"]
[BlackElo "1461"]
[Opening "French: Labourdonnais variation"]
[ECO "C00"]
[Time "19:00:23"]
[TimeControl "2700+45"]

1. e4 e6 2. f4 d5 3. e5 c5 4. d3 Nc6 5. Nc3 Nge7 6. g3 Nf5 7. Bg2 Be7 8. Nf3 f6
9. exf6 Bxf6 10. O-O O-O 11. Rb1 a6 12. Ne2 Qb6 13. c3 Re8 14. g4 Nd6 15. g5 Bd8
16. h4 Nf5 17. Qe1 e5 18. Ng3 e4 19. Nxf5 Bxf5 20. dxe4 dxe4 21. Qe3 Bc7 22. Nd2
Re7 23. Nc4 Qa7 24. Bh3 Bxh3 25. Qxh3 b5 26. Na3 c4+ 27. Be3 Bb6 28. Rbe1 Rd8
29. Nc2 Bxe3+ 30. Qxe3 Qxe3+ 31. Rxe3 Rd3 32. Rfe1 Rd2 33. R1e2 Rxe2 34. Rxe2
Kf7 35. Kf2 Kg6 36. Kg3 Kf5 37. Ne3+ Kg6 38. f5+ Kf7 39. Kf4 Ne5 40. Nd5 Nd3+
41. Kg4 Ne5+ 42. Kf4 Nd3+ 43. Kg4 Ne5+ 44. Kf4 {Game drawn by repetition}
1/2-1/2

[Event "Team 45 45 League T59"]
[Site "Internet Chess Club"]
[Date "2013.12.11"]
[Round "4"]
[White "ChessMaine"]
[Black "tightfist"]
[Result "0-1"]
[WhiteElo "1446"]
[BlackElo "1675"]
[Opening "Queen's pawn: stonewall attack"]
[ECO "A45"]
[Time "21:01:23"]
[TimeControl "2700+45"]

1. d4 Nf6 2. e3 d5 3. Bd3 Bg4 4. Nf3 e6 5. Nbd2 Nbd7 6. c3 Bd6 7. Qb3 Rb8 8. h3
Bxf3 9. Nxf3 O-O 10. O-O c5 11. Qc2 c4 12. Be2 Qc7 13. Nd2 e5 14. dxe5 Nxe5 15.
e4 b5 16. exd5 Nxd5 17. Ne4 Be7 18. Ng5 Bxg5 19. Bxg5 f6 20. Bh4 Rbe8 21. Bg3
Qb6 22. Rad1 Nc7 23. Rfe1 Rd8 24. Rxd8 Rxd8 25. Rd1 Ne6 26. Rxd8+ Qxd8 27. Qf5
Qd5 28. Bxe5 Qxe5 29. Qxe5 fxe5 30. Bf3 Kf7 31. Bd5 Ke7 32. Bc6 Nc7 33. Kf1 Kd6
34. Be4 h6 35. Ke2 Ne6 36. Ke3 Nc5 37. Kf3 Na4 38. Bb7 Nxb2 39. Ke4 Nd3 40. Kf5
Nxf2 41. Ba6 e4 42. Bxb5 Kc5 43. Be8 Kd5 44. Bf7+ Kc5 45. Bh5 Nh1 46. Bd1 Kd5
47. Kf4 Nf2 48. Bc2 g6 49. Ke3 Nd3 50. g3 Ke5 51. Ba4 a6 52. Bc6 Nc5 53. Be8 g5
54. Bf7 Na4 55. Bxc4 Nxc3 56. Bxa6 Nd1+ 57. Ke2 Nc3+ 58. Ke3 Nd5+ 59. Ke2 Kd4
60. a3 Nc3+ 61. Ke1 Ke3 62. g4 Nd5 63. Bf1 Nc3 64. Ba6 Kd4 65. Be2 e3 66. Bd1
Kc4 67. a4 Kb4 68. Bc2 Ka5 69. Bd1 Ne4 70. Kf1 Nf2 71. Ke2 Kb4 72. Bc2 Nxh3 73.
Kxe3 Nf4 74. Bd1 Nd5+ 75. Kf3 Nc3 76. Bc2 Kc5 77. Ke3 Kb4 78. Kd3 Nd5 {White
forfeits on time} 0-1

[Event "Team 45 45 League T59"]
[Site "Internet Chess Club"]
[Date "2013.12.15"]
[Round "4"]
[White "kingsrook"]
[Black "Visin"]
[Result "0-1"]
[WhiteElo "1301"]
[BlackElo "1373"]
[Opening "QGD Slav: 4.Nc3"]
[ECO "D15"]
[Time "14:00:36"]
[TimeControl "2700+45"]

1. d4 d5 2. c4 c6 3. Nf3 Nf6 4. Nc3 Bf5 5. cxd5 Nxd5 6. Qb3 Nb6 7. e4 Be6 8. Qc2
g6 9. Be3 Bg7 10. b3 N8d7 11. Be2 O-O 12. O-O Qc7 13. Rad1 Nf6 14. Qd2 Rfd8 15.
Rc1 Qd7 16. Ne5 Qe8 17. h3 Nfd7 18. Bh6 Nxe5 19. Bxg7 Kxg7 20. d5 cxd5 21. Qd4
f6 22. f4 Nc6 23. Qe3 d4 {White resigns} 0-1

[Event "Team 45 45 League T59"]
[Site "Internet Chess Club"]
[Date "2013.12.15"]
[Round "4"]
[White "spuzzy"]
[Black "gcl"]
[Result "1-0"]
[WhiteElo "1680"]
[BlackElo "1638"]
[Opening "Ruy Lopez: Cozio defense deferred"]
[ECO "C70"]
[Time "09:00:12"]
[TimeControl "2700+45"]

1. e4 e5 2. Nf3 Nc6 3. Bb5 a6 4. Ba4 Nge7 5. c3 g6 6. d4 exd4 7. cxd4 d5 8. Nc3
dxe4 9. Nxe4 Bg7 10. Bg5 O-O 11. Bxc6 bxc6 12. Rc1 h6 13. Be3 Nf5 14. O-O Be6
15. b3 Re8 16. Nc5 Bd5 17. Nd3 Rxe3 18. fxe3 Nxe3 19. Qe2 Nxf1 20. Rxf1 Bxf3 21.
Qxf3 Qxd4+ 22. Kh1 Qd5 23. Qe2 Qe6 24. Qf3 a5 25. Rc1 Re8 26. h3 Qd5 27. Qg3 Re7
28. Rc5 Qd6 29. Qxd6 cxd6 30. Rxc6 Rd7 31. Nf4 d5 32. Kg1 d4 33. Nd3 Re7 34. Kf2
Re3 35. Ne1 Rc3 36. Rd6 Kf8 37. Ke2 h5 38. Rd5 Re3+ 39. Kf2 Re5 40. Rxe5 Bxe5
41. Nf3 f6 42. Ke2 Ke7 43. Kd3 Kd6 44. Nxd4 Bxd4 45. Kxd4 f5 46. a3 g5 47. b4
axb4 48. axb4 g4 49. hxg4 fxg4 50. g3 Kc6 51. Ke4 Kb5 52. Kf4 Kxb4 53. Kg5 Kc5
54. Kxh5 Kd6 55. Kxg4 Ke7 56. Kg5 Kf7 57. Kh6 Kg8 58. Kg6 Kf8 59. g4 Kg8 60. g5
Kh8 61. Kf7 Kh7 62. g6+ Kh8 63. g7+ {Black resigns} 1-0

[Event "Team 45 45 League T59"]
[Site "Internet Chess Club"]
[Date "2013.12.21"]
[Round "4"]
[White "Whalen"]
[Black "Packerfan"]
[Result "0-1"]
[WhiteElo "1641"]
[BlackElo "1774"]
[Opening "Budapest defense declined"]
[ECO "A51"]
[Time "10:00:46"]
[TimeControl "2700+45"]

1. d4 Nf6 2. c4 e5 3. Bg5 exd4 4. Nf3 c5 5. b4 b6 6. g3 Be7 7. Bg2 Bb7 8. O-O
O-O 9. Nbd2 d6 10. Re1 h6 11. Bxf6 Bxf6 12. Rb1 Re8 13. a4 Nc6 14. bxc5 dxc5 15.
e4 dxe3 16. fxe3 Na5 17. Qc2 Qe7 18. e4 g6 19. e5 Bg7 20. e6 fxe6 21. Qxg6 Qf7
22. Qxf7+ Kxf7 23. Ne5+ Bxe5 24. Rxe5 Bxg2 25. Kxg2 Rad8 26. Rf1+ Kg7 27. Nf3
Nxc4 28. Re4 Nd2 29. Rg4+ Kh7 30. Nxd2 Rxd2+ 31. Kh3 Rd7 32. Rf6 Rg7 33. Rh4 Rg6
34. Rf7+ Kg8 35. Rxa7 e5 36. Re4 Rge6 37. Rg4+ Kf8 38. Re4 R8e7 39. Ra8+ Kf7 40.
Rd8 Rc6 41. Rc4 e4 42. Rd1 e3 43. Rf1+ Ke8 44. Re1 e2 45. Kg2 Rce6 46. Rc2 Re4
47. a5 bxa5 48. Rxc5 a4 49. Ra5 Kd7 50. Rc5 Kd6 51. Rc2 a3 52. Kf2 Rf7+ 53. Kg2
Ra7 54. Kf3 Re6 55. Rcxe2 Rxe2 56. Kxe2 Re7+ {White resigns} 0-1

[Event "Team 45 45 League T59"]
[Site "Internet Chess Club"]
[Date "2013.12.15"]
[Round "4"]
[White "Invicta-Knight"]
[Black "tryanything"]
[Result "0-1"]
[WhiteElo "1451"]
[BlackElo "1575"]
[Opening "King's pawn game"]
[ECO "C21"]
[Time "04:25:32"]
[TimeControl "2700+45"]

1. e4 e5 2. d4 Nc6 3. dxe5 Nxe5 4. f4 Nc6 5. Nf3 Bc5 6. Nc3 d6 7. Qe2 Nf6 8. Be3
Bxe3 9. Qxe3 O-O 10. O-O-O Qe7 11. Bd3 Nb4 12. a3 Nxd3+ 13. cxd3 Bd7 14. h3 a5
15. g4 b5 16. g5 Ne8 17. Nd5 Qd8 18. f5 c6 19. Nb6 Rb8 20. Nxd7 Qxd7 21. h4 b4
22. a4 c5 23. d4 Qxa4 24. dxc5 b3 25. Qd4 Rb4 {White resigns} 0-1

[Event "Team 45 45 League T59"]
[Site "Internet Chess Club"]
[Date "2013.12.13"]
[Round "4"]
[White "Buford-Julep"]
[Black "DanMcClintic"]
[Result "1-0"]
[WhiteElo "1750"]
[BlackElo "1658"]
[Opening "King's Indian: Gligoric-Taimanov system"]
[ECO "E92"]
[Time "09:05:27"]
[TimeControl "2700+45"]

1. c4 Nf6 2. Nc3 g6 3. e4 d6 4. d4 Bg7 5. Nf3 O-O 6. Be2 e5 7. Be3 Nc6 8. d5 Ne7
9. Nd2 Nd7 10. b4 a5 11. bxa5 f5 12. f3 f4 13. Bf2 Rxa5 14. Nb3 Ra8 15. c5 Nf6
16. O-O g5 17. cxd6 cxd6 18. Nb5 h5 19. Qc2 g4 20. Qc7 Qxc7 21. Nxc7 gxf3 22.
gxf3 Ra4 23. Bb5 Rb4 24. Be1 Rxb5 25. Nxb5 Ne8 26. Bb4 Rf6 27. Rac1 Bh3 28. Rf2
Ng6 29. Rc8 Kf7 30. Na5 Nh4 31. Nxb7 Bxc8 32. N7xd6+ Nxd6 33. Nxd6+ Kg8 34. Nxc8
Bf8 35. Ne7+ Bxe7 36. Bxe7 Rg6+ 37. Kf1 Kf7 38. Bxh4 {Black resigns} 1-0

[Event "Team 45 45 League T59"]
[Site "Internet Chess Club"]
[Date "2013.12.15"]
[Round "4"]
[White "SirIvanhoe"]
[Black "Blitzkrieg00"]
[Result "1/2-1/2"]
[WhiteElo "1547"]
[BlackElo "1589"]
[Opening "Vienna game"]
[ECO "C28"]
[Time "13:04:23"]
[TimeControl "2700+45"]

1. e4 e5 2. Bc4 Nc6 3. Nc3 Nf6 4. d3 Be7 5. f4 d6 6. Nf3 Bg4 7. h3 Bxf3 8. gxf3
Qd7 9. Nd5 O-O-O 10. Bd2 Nxd5 11. Bxd5 Bh4+ 12. Ke2 Nd4+ 13. Ke3 Qa4 14. b3 Nxb3
15. c4 Nc5 16. Qxa4 Nxa4 17. fxe5 dxe5 18. Bb4 a5 {Game drawn by mutual
agreement} 1/2-1/2

[Event "Team 45 45 League T59"]
[Site "Internet Chess Club"]
[Date "2013.12.11"]
[Round "4"]
[White "dabodhi"]
[Black "pauliewoll"]
[Result "1-0"]
[WhiteElo "1413"]
[BlackElo "1569"]
[Opening "Sicilian: closed, 6.Be3"]
[ECO "B26"]
[Time "16:00:56"]
[TimeControl "2700+45"]

1. e4 c5 2. Nc3 Nc6 3. g3 g6 4. Bg2 Bg7 5. d3 d6 6. Be3 e5 7. Qd2 Nge7 8. Bh6
O-O 9. Bxg7 Kxg7 10. f4 Nd4 11. h3 Be6 12. Nge2 Qd7 13. g4 f5 14. Nxd4 cxd4 15.
Nd5 Bxd5 16. exd5 exf4 17. Qxf4 fxg4 18. Qxd4+ Kg8 19. hxg4 Rae8 20. O-O-O Nc8
21. g5 Re2 22. Be4 Qg4 23. Rxh7 Qxg5+ 24. Kb1 Qf6 25. Qxf6 Rxf6 26. Rxb7 g5 27.
b3 g4 28. Rb8 Rf8 29. Rg1 {Black resigns} 1-0

[Event "Team 45 45 League T59"]
[Site "Internet Chess Club"]
[Date "2013.12.17"]
[Round "4"]
[White "steadman"]
[Black "MeWantCookie"]
[Result "1-0"]
[WhiteElo "2173"]
[BlackElo "2091"]
[Opening "Benkö gambit half accepted"]
[ECO "A57"]
[Time "18:01:52"]
[TimeControl "2700+45"]

1. d4 Nf6 2. c4 c5 3. d5 b5 4. cxb5 a6 5. e3 Bb7 6. Nc3 Qa5 7. Bd2 axb5 8. Bxb5
Qb6 9. Nf3 Nxd5 10. Nxd5 Bxd5 11. a4 Qg6 12. O-O e6 13. Ne1 Bd6 14. f3 O-O 15.
Rc1 Qh5 16. g3 f5 17. Nd3 Nc6 18. Nxc5 Ne5 19. Be2 Qh3 20. Rf2 Ng4 21. Rg2 Rf6
22. Qf1 Ne5 23. a5 Rff8 24. b4 Rfc8 25. Rf2 Qxf1+ 26. Rfxf1 Bxc5 27. bxc5 Bb7
28. Kf2 Ba6 29. Bxa6 Rxa6 30. Ke2 Rac6 31. Ra1 Rxc5 32. a6 Nc6 33. Rfb1 Kf7 34.
a7 Ra8 35. Rb7 Ke7 36. e4 fxe4 37. fxe4 Rc4 38. Bg5+ Ke8 39. e5 Rb4 40. Rxb4
Nxb4 41. Be3 Kd8 42. Rf1 Kc7 43. Rf7 g6 44. Rxh7 Nc6 45. Rg7 Nxa7 46. Kf3 Nc6
47. Bf4 Ra3+ 48. Kg4 Ra4 49. Kg5 Nd4 50. h4 Nf3+ 51. Kxg6 Nxh4+ 52. gxh4 Rxf4
53. h5 Rg4+ 54. Kh7 Rh4 55. h6 Kc6 56. Rg5 d5 57. exd6 Kxd6 58. Kg6 e5 59. h7
{Black resigns} 1-0